 Dungeon Crawl Stone Soup version 0.24-b1-48-gd9db55c (webtiles) character file.

Game seed: 18189785191361677815, levelgen mode: deterministic

85 Fang the Skirmisher (level 4, 0/29 HPs)
             Began as a Gargoyle Berserker on Oct 24, 2019.
             Was a Believer of Trog.
             Slain by Grinder (1 damage)
             ... on level 3 of the Dungeon.
             The game lasted 00:03:09 (1927 turns).

Fang the Skirmisher (Gargoyle Berserker)            Turns: 1927, Time: 00:03:09

Health: 0/29       AC:  5    Str: 22    XL:     4   Next: 48%
Magic:  4/4        EV: 12    Int:  7    God:    Trog [**....]
Gold:   108        SH:  0    Dex:  9    Spells: 3/3 levels left

rFire    . . .     SeeInvis .   a - +0 hand axe
rCold    . . .     Gourm    .   (no shield)
rNeg     + . .     Faith    .   b - +0 animal skin
rPois    ∞         Spirit   .   (no helmet)
rElec    +         Reflect  .   (no cloak)
rCorr    .         Harm     .   (no gloves)
MR       .....                  (no boots)
Stlth    +.........             (no amulet)
HPRegen  0.09/turn              (no ring)
MPRegen  0.09/turn              (no ring)

@: berserk cooldown, slowed, very slow
A: negative energy resistance 1, electricity resistance, unbreathing,
petrification resistance, rot immunity, AC +3
a: Berserk, Trog's Hand, Renounce Religion


You were on level 3 of the Dungeon.
You worshipped Trog.
Trog was pleased with you.
You were very hungry.

You visited 1 branch of the dungeon, and saw 3 of its levels.

You collected 108 gold pieces.

Inventory:

Hand Weapons
 a - a +0 hand axe (weapon)
Armour
 b - a +0 animal skin (worn)
Scrolls
 d - a scroll of identify {unknown}
Potions
 e - a potion of curing {unknown}
 f - a potion of brilliance {unknown}
 h - a potion of flight {unknown}
Comestibles
 c - 5 rations
 g - 2 chunks of flesh


   Skills:
 + Level 4.0 Fighting
 + Level 3.3 Axes
 + Level 3.1 Armour
 + Level 2.2 Dodging


You had 3 spell levels left.
You didn't know any spells.
Your spell library was empty.

Dungeon Overview and Level Annotations

Branches:
Dungeon (3/15)

Altars:
Ashenzari
Cheibriados
Elyvilon
Gozag
Hepliaklqana
Kikubaaqudgha
Makhleb
Okawaru
Ru
Wu Jian
The Shining One

Annotations:
D:3 Grinder


Innate Abilities, Weirdness & Mutations

You are resistant to torment.
Your stone body is resilient. (AC +3)
You are immune to poison.
You resist negative energy. (rN+)
You are resistant to electric shocks. (rElec)
You can survive without breathing.
You are immune to petrification.
You are immune to rotting.


Message History

You feel yourself slow down. Grinder hits you.
You can move again.
You closely miss Grinder.
Grinder is almost dead.
Grinder gestures at you. You resist with significant effort.
Grinder hits you but does no damage.
Unknown command.
You barely miss Grinder.
Grinder is almost dead.
Grinder hits you.
You writhe in agony.
Grinder hits you.
* * * LOW HITPOINT WARNING * * *
You writhe in agony.
* * * LOW HITPOINT WARNING * * *
Unknown command.
You are too injured to fight recklessly!
You are too injured to fight recklessly!
Grinder hits you.
* * * LOW HITPOINT WARNING * * *
You writhe in agony.
You die...

##### #######
##...###########......
##........÷............
#.......########.......
#.......# #.......
#.....@5# ######.......
#......####.....(......
#.#.?..................
#.##.######.####..##.##
#.....=# # #..##.#
#..###.# #..##.# #..
... #..##.# #. ###
#.....# #. #.....#


You could see Grinder.

Vanquished Creatures
  3 adders (D:3)
  An ooze (D:2)
  A worm (D:2)
  A leopard gecko (D:1)
  2 ball pythons
  2 giant cockroaches
  8 goblins
  7 hobgoblins
  4 jackals (D:2)
  4 bats
  A frilled lizard (D:2)
  6 kobolds
  5 rats
45 creatures vanquished.

Notes
Turn   | Place    | Note
-------+----------+-------------------------------------------
     0 | D:1      | Fang the Gargoyle Berserker began the quest for the Orb.
     0 | D:1      | Reached XP level 1. HP: 14/14 MP: 1/1
    74 | D:1      | Reached XP level 2. HP: 13/19 MP: 2/2
   273 | D:1      | Found a shattered altar of Ashenzari.
   691 | D:2      | Reached XP level 3. HP: 21/23 MP: 3/3
   889 | D:2      | Reached ** piety under Trog
  1198 | D:2      | Found an iron altar of Okawaru.
  1215 | D:2      | Found an ornate altar of the Wu Jian Council.
  1217 | D:2      | Found an ancient bone altar of Kikubaaqudgha.
  1218 | D:2      | Found a sacrificial altar of Ru.
  1219 | D:2      | Found a white marble altar of Elyvilon.
  1219 | D:2      | Found a shattered altar of Ashenzari.
  1219 | D:2      | Found a hazy altar of Hepliaklqana.
  1219 | D:2      | Found an opulent altar of Gozag.
  1220 | D:2      | Found a snail-covered altar of Cheibriados.
  1221 | D:2      | Found a burning altar of Makhleb.
  1224 | D:2      | Found a glowing golden altar of the Shining One.
  1461 | D:2      | Found a faded altar of an unknown god.
  1571 | D:3      | Reached XP level 4. HP: 13/29 MP: 4/4
  1885 | D:3      | Reached skill level 4 in Fighting
  1907 | D:3      | Noticed Grinder
  1912 | D:3      | Paralysed by Grinder for 7 turns
  1922 | D:3      | Paralysed by Grinder for 2 turns
  1927 | D:3      | HP: 1/29 [Grinder (5)]
  1927 | D:3      | Slain by Grinder

Skill      XL: |  1  2  3  4 |
---------------+-------------+-----
Axes           | 3 |  3.3
Dodging        | 2 |  2.2
Armour         | 3 |  3.1
Fighting       | 4 |  4.0

Action                   |  1- 3 |  4- 6 || total
-------------------------+-------+-------++-------
Melee: Hand axe          |   133 |    34 ||   167
Invok: Berserk           |     1 |     1 ||     2
  Eat: Chunk             |     2 |     2 ||     4
Armor: Animal skin       |    60 |    11 ||    71
Dodge: Dodged            |    94 |    26 ||   120
